 Dungeon Crawl Stone Soup version 0.25.1-2-g60ff931df9 (webtiles) character file.

Game seed: 7370697759003436710

212 hawla the Slasher (level 5, -4/45 HPs)
             Began as a Minotaur Gladiator on Nov 3, 2020.
             Was a Follower of Nemelex Xobeh.
             Slain by a slave (9 damage)
             ... led by Pikel
             ... on level 4 of the Dungeon.
             The game lasted 00:06:54 (2504 turns).

hawla the Slasher (Minotaur Gladiator)              Turns: 2504, Time: 00:06:55

Health: -4/45      AC:  5    Str: 20    XL:     5   Next: 58%
Magic:  4/4        EV: 13    Int: 11    God:    Nemelex Xobeh [*.....]
Gold:   155        SH:  0    Dex: 11    Spells: 4/4 levels left

rFire    . . .     SeeInvis .   a - +1 long sword
rCold    . . .     Gourm    .   (no shield)
rNeg     . . .     Faith    .   b - +0 leather armour
rPois    .         Spirit   .   c - +0 hat
rElec    .         Reflect  .   (no cloak)
rCorr    .         Harm     .   (no gloves)
MR       .....                  l - +1 pair of boots
Stlth    ++........             (no amulet)
HPRegen  0.15/turn              e - ring of stealth
MPRegen  0.09/turn              m - +6 ring of intelligence

@: no status effects
A: retaliatory headbutt, horns 2
a: Draw Escape, Draw Destruction, Draw Summoning, Renounce Religion


You were on level 4 of the Dungeon.
You worshipped Nemelex Xobeh.
Nemelex Xobeh was aware of your devotion.
You were not hungry.

You visited 1 branch of the dungeon, and saw 4 of its levels.

You collected 155 gold pieces.

Inventory:

Hand Weapons
 a - a +1 long sword (weapon)
Missiles
 d - 3 throwing nets
 o - 7 poisoned darts (quivered)
Armour
 b - a +0 leather armour (worn)
 c - a +0 hat (worn)
 l - a +1 pair of boots (worn)
Jewellery
 e - a ring of stealth (left hand)
 k - an uncursed ring of ice {unknown}
 m - a +6 ring of intelligence (right hand)
Scrolls
 i - 2 scrolls of fog
 n - a scroll of noise
 p - a scroll of enchant armour
Potions
 g - a potion of haste
Comestibles
 f - 4 rations
 r - 11 chunks of flesh


   Skills:
 + Level 3.0 Fighting
 + Level 5.2 Long Blades
 + Level 2.1 Throwing
 + Level 1.9 Armour
 * Level 4.9 Dodging
 + Level 1.4 Stealth


You had 4 spell levels left.
You didn't know any spells.
Your spell library was empty.

Dungeon Overview and Level Annotations

Branches:
Dungeon (4/15)
 Temple: D:4-7

Altars:
Nemelex Xobeh

Annotations:
D:4 Pikel


Innate Abilities, Weirdness & Mutations

You reflexively headbutt those who attack you in melee.
You have a pair of horns on your head.


Message History

Pikel is heavily wounded.
The slave hits you.
* * * LOW HITPOINT WARNING * * *
The slave misses you. You furiously retaliate!
You headbutt the slave.
You riposte.
You slash the slave!
The slave is severely wounded.
Pikel hits you with a +0 whip of flaming.
* * * LOW HITPOINT WARNING * * *
Pikel burns you.
* * * LOW HITPOINT WARNING * * *
The slave hits you.
* * * LOW HITPOINT WARNING * * *
The slave closely misses you. You furiously retaliate!
You headbutt the slave!
You riposte.
You hit the slave.
The slave is severely wounded.
Okay, then.
You draw a card...
You have drawn Velocity.
Pikel seems to slow down.
The slave seems to slow down.
The slave hits you!
You die...
Your body glows slightly and disappears.

*,,,,,,,,,,,,,,,
*......,,,,,,,,,
*......,,,,,,,,,
*....#**,,,,,,,,
###....#**,,,,,,,,
###########......#*,,,,,,,,,
#................**,,,,,,,,,
#.............####*,,,,,,,,,
#.........p@p....#*,,,,,,,,,
#.........ppK....#*,,,,,,,,,
#....†......#....#*,,,,,,,,,
#.......(...######*,,,,,,,,,
#...........# **********
#...........# #...........#
#...........# #############


You could see Pikel (slow) and 4 slaves.

Vanquished Creatures
  2 orc wizards
  4 adders
  2 oozes
  An adder skeleton (D:4)
  3 worms
  2 leopard geckos
  4 orcs (D:2)
  10 bats
  6 giant cockroaches
  10 goblins
  7 hobgoblins
  A ball python (D:3)
  3 frilled lizards
  5 kobolds
  4 rats
64 creatures vanquished.

Vanquished Creatures (collateral kills)
  Natasha (twice) (D:3)
  Robin (D:3)
  2 goblins (D:3)
5 creatures vanquished.

Grand Total: 69 creatures vanquished

Notes
Turn   | Place    | Note
-------+----------+-------------------------------------------
     0 | D:1      | hawla the Minotaur Gladiator began the quest for the Orb.
     0 | D:1      | Reached XP level 1. HP: 18/18 MP: 0/0
   220 | D:1      | Reached XP level 2. HP: 25/25 MP: 1/1
   624 | D:2      | Reached skill level 4 in Long Blades
   705 | D:2      | Reached XP level 3. HP: 13/30 MP: 2/2
   711 | D:2      | HP: 1/30 [worm (9)]
  1335 | D:2      | Reached skill level 1 in Stealth
  1597 | D:2      | Reached XP level 4. HP: 33/37 MP: 3/3
  1644 | D:2      | Reached skill level 1 in Armour
  1776 | D:3      | Found a faded altar of an unknown god.
  1952 | D:3      | Became a worshipper of Nemelex Xobeh the Trickster
  1952 | D:3      | Received a gift from Nemelex Xobeh
  1952 | D:3      | Received a gift from Nemelex Xobeh
  1952 | D:3      | Reached * piety under Nemelex Xobeh
  2028 | D:3      | Reached XP level 5. HP: 17/44 MP: 4/4
  2383 | D:3      | Noticed Natasha
  2392 | D:3      | Reached skill level 5 in Long Blades
  2399 | D:3      | Noticed Robin
  2410 | D:3      | Killed Robin
  2412 | D:3      | Killed Natasha
  2427 | D:3      | Noticed Natasha
  2431 | D:3      | Killed Natasha
  2479 | D:4      | Noticed a slave
  2489 | D:4      | Noticed a slave
  2490 | D:4      | Noticed a slave
  2490 | D:4      | Noticed a slave
  2491 | D:4      | Noticed Pikel
  2504 | D:4      | Slain by a slave

Illustrated notes

Levels and vault maps discovered:
D:1:      evilmike_arrival_rings, layout_basic, minmay_misc_feat_more_columns
D:2:      layout_loops_cross
D:3:      layout_rooms, chequers_ecumenical_altar_simple, uniq_natasha,
          uniq_robin
D:4:      layout_basic, serial_shops, shop_scrolls, uniq_sigmund, uniq_menkaure,
          uniq_eustachio, uniq_pikel

Skill      XL: |  1  2  3  4  5 |
---------------+----------------+-----
Long Blades    | 4 5 |  5.2
Dodging        | 4 |  4.9
Stealth        | 1 |  1.4
Armour         | 1 |  1.9
Fighting       | 3 |  3.0
Throwing       | |  2.1

Action                   |  1- 3 |  4- 6 || total
-------------------------+-------+-------++-------
Melee: Long sword        |    62 |    66 ||   128
       Headbutt          |     8 |    20 ||    28
Throw: Dart              |       |     3 ||     3
Invok: Draw Destruction  |       |     2 ||     2
       Draw Escape       |       |     1 ||     1
       Draw Summoning    |       |     1 ||     1
  Use: Scroll            |     5 |     5 ||    10
       Potion            |       |     1 ||     1
 Stab: Sleeping          |     1 |     3 ||     4
  Eat: Chunk             |     2 |     3 ||     5
Armor: Leather armour    |    17 |    26 ||    43
Dodge: Dodged            |    33 |    77 ||   110
       Rpst.: Long sword |     8 |    20 ||    28
